Map: Port Aleksander LE

Players

Djorjx

  • Race: Terran Terran
  • League: Grandmaster
  • Spawn Location: 5:00

Melle - Winner!

  • Race: Protoss Protoss
  • League: Master
  • Spawn Location: 11:00

Event: DSCL Nationals 2018 - Finals

VOD

Have the link to the VOD?

Description

Time

  • Played on: Dec. 1, 2018, 9:41 a.m.
  • Length: 13:21

All games in this series

Show
View Real Time Build Order
Export as new Build Order

Djorjx Terran 

Build Orders:  

Get SALT Encoding   

  12  0:01  SCV  
  13  0:13  SCV  
  14  0:18  Supply Depot  
  14  0:25  SCV  
  15  0:30  Refinery  
  15  0:39  SCV  
  16  0:45  Barracks  
  16  0:51  SCV  
  17  1:03  SCV  
  18  1:15  SCV  
  20  1:32  Orbital Command, Reaper  
  20  1:46  Command Center  
  20  1:59  Factory  
  20  2:02  SCV  
  20  2:08  Barracks Reactor  
  21  2:15  SCV  
  22  2:23  Bunker  
  22  2:26  Supply Depot  
  22  2:27  SCV  
  23  2:30  Refinery  
  23  2:43  Factory Tech Lab  
  23  2:47  Marine x2  
  23  2:48  SCV  
  23  2:49  Supply Depot  
  24  3:00  SCV  
  24  3:02  Cyclone  
  24  3:05  Marine x2  
  25  3:12  SCV  
  23  3:24  SCV  
  24  3:31  Marine x2  
  26  3:36  SCV  
  27  3:42  Starport  
  27  3:48  SCV  
  28  3:49  Factory Tech Lab  
  28  4:00  SCV  
  29  4:18  SCV  
  28  4:35  Command Center, Cloaking Field  
  28  4:40  SCV  
  29  4:49  Banshee  
  29  4:52  SCV  
  33  4:55  Marine x2  
  35  5:03  Cyclone  
  38  5:09  Supply Depot  
  38  5:13  Mag-Field Accelerator  
  38  5:18  SCV  
  39  5:31  SCV  
  39  5:32  Banshee  
  43  5:37  Supply Depot  
  43  5:43  SCV  
  48  5:50  Cyclone  
  48  5:55  Orbital Command  
  47  5:57  SCV  
  47  6:00  Marine  
  47  6:03  Marine  
  47  6:13  SCV  
  47  6:15  Medivac  
  50  6:21  Supply Depot, SCV  
  52  6:25  SCV  
  52  6:26  Marine x2  
  54  6:35  SCV  
  54  6:37  Barracks  
  54  6:38  SCV  
  56  6:42  Factory Reactor  
  56  6:46  Barracks  
  56  6:50  SCV  
  57  6:56  Starport Reactor  
  57  6:57  Engineering Bay, SCV  
  58  7:02  Refinery, SCV  
  58  7:08  Supply Depot, Marine  
  60  7:09  SCV  
  60  7:14  SCV  
  62  7:21  SCV  
  53  7:26  SCV  
  53  7:28  Marine x2  
  53  7:32  Terran Infantry Weapons Level 1  
  53  7:33  SCV  
  53  7:34  Missile Turret  
  53  7:35  Missile Turret  
  53  7:36  Stimpack  
  51  7:38  SCV  
  51  7:40  Marine x2  
  50  7:45  SCV  
  50  7:46  Marine  
  49  7:52  Combat Shield  
  49  7:53  SCV  
  49  7:56  Medivac  
  49  7:57  Medivac  
  54  7:59  Marine, Widow Mine x2  
  54  8:00  Marine  
  54  8:04  Bunker  
  60  8:09  Marine x2  
  62  8:13  SCV  
  62  8:14  SCV  
  62  8:19  Marine  
  64  8:20  Marine  
  64  8:23  Widow Mine x2  
  64  8:25  SCV  
  64  8:26  Marine  
  69  8:27  Marine  
  69  8:34  SCV  
  72  8:37  Marine  
  72  8:38  Marauder, SCV  
  72  8:45  Marauder, Marine  
  72  8:46  SCV  
  76  8:55  Marine, SCV  
  74  8:59  Marauder  
  77  9:05  Marine  
  77  9:07  Marauder  
  80  9:15  Barracks  
  80  9:16  Barracks  
  80  9:21  Marauder, Marine  
  80  9:22  Factory Reactor  
  80  9:23  Marine  
  83  9:26  Medivac, Terran Infantry Armor Level 1  
  83  9:28  Marine  
  86  9:33  Refinery  
  86  9:35  Supply Depot  
  86  9:36  Supply Depot  
  86  9:37  Medivac  
  88  9:40  Concussive Shells  
  88  9:42  Marauder, Marine x2  
  92  9:48  Supply Depot  
  92  9:50  Marine  
  92  9:52  Supply Depot  
  93  9:59  Widow Mine  
  97  10:00  Marine x2, Widow Mine  
  97  10:03  Marauder  
  97  10:04  Marine  
  97  10:06  Marine  
  103  10:09  Medivac  
  105  10:14  Barracks Tech Lab  
  105  10:27  Marauder  
  107  10:32  Command Center  
  107  10:36  Starport, Liberator  
  107  10:40  Liberator  
  107  10:41  Marauder x2  
  113  10:58  Marine  
  113  10:59  Marauder  
  117  11:11  Marauder, Marine x2  
  117  11:17  Marauder, Marine  
  120  11:25  Marine  
  120  11:26  Marauder, Liberator x2  
  120  11:32  Supply Depot  
  123  11:33  Marauder  
  123  11:34  Liberator  
  123  11:37  Liberator  
  130  11:56  Marine  
  134  12:09  Liberator  
  134  12:16  Liberator  
  134  12:18  Marauder  
  134  12:20  Marine  
  134  12:21  Marauder  
  130  12:26  Marine  
  130  12:28  Marine x2  
  134  12:30  Marauder  
  123  12:38  Marine  
  123  12:39  Marine  
  123  12:41  Marine  
  122  12:44  Marine  
Show
View Real Time Build Order
Export as new Build Order

Melle Protoss - Winner!

Build Orders:  

Get SALT Encoding   

  12  0:00  Probe  
  13  0:12  Probe  
  14  0:19  Pylon  
  14  0:24  Probe  
  15  0:34  Probe  
  15  0:39  Gateway  
  15  0:42  Probe  
  17  0:52  Probe, Pylon  
  18  1:00  Assimilator  
  18  1:11  Gateway  
  18  1:19  Probe  
  19  1:26  Cybernetics Core  
  19  1:32  Zealot  
  21  1:36  Probe  
  22  1:48  Probe  
  22  1:53  Stalker  
  23  2:03  Stalker  
  27  2:13  Assimilator, Stalker  
  29  2:33  Pylon  
  29  2:40  Stalker  
  31  2:51  Probe  
  32  3:00  Stalker  
  32  3:05  Probe  
  35  3:09  Stalker  
  33  3:23  Probe  
  33  3:25  Warp Gate  
  30  3:38  Nexus  
  30  3:40  Probe  
  31  3:47  Stargate  
  31  3:52  Probe  
  32  4:04  Probe  
  32  4:16  Probe  
  33  4:28  Probe  
  32  4:31  Oracle  
  35  4:40  Probe  
  35  4:41  Pylon  
  36  4:45  Stalker  
  36  4:46  Pylon  
  36  4:49  Robotics Facility  
  36  4:52  Probe  
  37  4:58  Probe  
  40  5:04  Shield Battery, Probe  
  41  5:09  Phoenix  
  41  5:10  Probe  
  42  5:16  Probe  
  45  5:22  Probe  
  45  5:24  Assimilator  
  45  5:26  Sentry  
  48  5:28  Probe  
  48  5:34  Probe  
  50  5:39  Observer  
  50  5:40  Probe  
  50  5:41  Gateway  
  52  5:46  Probe  
  53  5:50  Phoenix  
  53  5:53  Probe  
  56  5:57  Assimilator  
  56  5:58  Probe  
  57  6:05  Probe  
  59  6:11  Probe  
  59  6:13  Stalker  
  59  6:14  Forge  
  59  6:17  Probe  
  62  6:20  Pylon  
  62  6:26  Pylon  
  62  6:30  Probe x2  
  61  6:34  Phoenix  
  61  6:37  Robotics Bay  
  63  6:42  Adept x2  
  63  6:43  Probe x2  
  69  6:49  Pylon  
  69  6:51  Immortal  
  69  6:53  Phoenix  
  73  7:01  Protoss Ground Armor Level 1  
  75  7:03  Stalker  
  77  7:12  Pylon  
  77  7:14  Pylon  
  76  7:20  Stalker  
  72  7:28  Stalker  
  69  7:30  Probe  
  69  7:31  Probe  
  67  7:43  Probe x2  
  67  7:48  Phoenix  
  67  7:50  Stalker  
  67  7:51  Stalker  
  67  7:55  Probe x2  
  73  7:59  Nexus  
  73  8:04  Colossus  
  73  8:07  Probe x2  
  75  8:19  Probe  
  82  8:26  Stalker  
  84  8:27  Stalker  
  84  8:33  Probe x2  
  86  8:51  Colossus  
  86  8:53  Probe x2  
  88  8:56  Extended Thermal Lance  
  88  8:58  Protoss Ground Weapons Level 1  
  94  9:03  Assimilator  
  94  9:05  Assimilator  
  94  9:08  Pylon  
  94  9:13  Probe x2  
  94  9:14  Probe  
  97  9:20  Phoenix  
  99  9:28  Twilight Council  
  99  9:32  Gateway  
  99  9:34  Probe x2  
  99  9:36  Gateway  
  99  9:37  Phoenix  
  101  9:39  Colossus  
  109  10:00  Probe x3  
  109  10:02  Shield Battery  
  112  10:12  Blink  
  112  10:13  Phoenix  
  114  10:14  Pylon, Stalker  
  116  10:23  Stalker  
  118  10:30  Warp Prism  
  118  10:31  Pylon  
  118  10:32  Pylon, Stalker x2, Protoss Ground Armor Level 2  
  122  10:38  Phoenix  
  125  10:45  Pylon  
  125  10:57  Stalker x3  
  131  11:05  Phoenix  
  131  11:11  Stalker  
  133  11:30  Stalker x3, Phoenix  
  141  11:34  Probe x2  
  141  11:35  Probe  
  144  11:43  Gateway  
  144  11:46  Gateway x2  
  144  11:47  Phoenix  
  144  11:55  Colossus  
  144  11:59  Templar Archives  
  132  12:08  Sentry  
  132  12:17  Stalker  
  125  12:30  Phoenix  
  125  12:32  Probe x2  
  125  12:44  Probe  
  124  12:53  Stalker x3  
Tags
 
Add a new tag
Caveats
  • Supply blocks, unpowered buildings, or Contaminate may cause inaccurate times.
  • Supply counts are checked every 10 seconds.